 Dungeon Crawl Stone Soup version 0.29.0-4-gdea44cf6ec (webtiles) character file.

Game seed: 4255458624849435030

26287 qw the Brawler (level 12, 0/125 HPs)
             Began as a Troll Cinder Acolyte on Sept 2, 2022.
             Was an Initiate of Ignis.
             Slain by a blink frog (4 damage)
             ... on level 4 of the Lair of Beasts.
             The game lasted 00:07:17 (11493 turns).

qw the Brawler (Troll Cinder Acolyte)              Turns: 11493, Time: 00:07:18

Health: 0/125      AC: 12    Str: 29    XL:     12   Next: 97%
Magic:  12/12      EV:  8    Int: 10    God:    Ignis [......]
Gold:   821        SH:  9    Dex:  5    Spells: 13/13 levels left

rFire   + + .      SeeInvis +     - Unarmed
rCold   + + .      Faith    .   a - +0 kite shield
rNeg    . . .      Spirit   .   e - +0 swamp dragon scales
rPois   +          Reflect  .   (helmet restricted)
rElec   .          Harm     .   l - scarf {rC+ rF+}
rCorr   +          Rampage  .   (gloves unavailable)
Will    .....                   (boots unavailable)
Stlth   ..........              (no amulet)
HPRegen 1.10/turn               f - ring of resist corrosion
MPRegen 0.13/turn               b - ring of protection from cold

@: no status effects
A: large, unfitting armour, claws 3, regeneration 1, shaggy fur 1, tough skin 1,
iridescent scales 1, see invisible, robust 1
a: Renounce Religion, Rising Flame


You were on level 4 of the Lair of Beasts.
You worshipped Ignis.
Ignis was noncommittal.
You visited 3 branches of the dungeon, and saw 13 of its levels.

You collected 821 gold pieces.


Innate Abilities, Weirdness & Mutations

You are too large for most types of armour.
You have claws for hands.
Your natural rate of healing is unusually fast.
You are covered in fur. (AC +1)
You have tough skin. (AC +1)
You are partially covered in iridescent scales. (AC +2)
You have supernaturally acute eyesight. (SInv)
You are robust. (+10% HP)


   Skills:
 - Level 6.0 Fighting
 - Level 6.0 Throwing
 - Level 3.2 Armour
 - Level 1.1 Dodging
 - Level 11.0 Shields
 + Level 15.6 Unarmed Combat
 - Level 1.0 Spellcasting
 - Level 2.1 Fire Magic


You had 13 spell levels left.
You didn't know any spells.
Your spell library contained the following spells:

 Spells                   Type           Power      Damage    Failure   Level
 Scorch                   Fire           8%         2d5       47%         2

Inventory:

Missiles
 q - 7 boomerangs (quivered)
Armour
 a - a +0 kite shield (worn)
 e - +0 swamp dragon scales (worn)
 k - a +1 cloak
 l - a scarf of resistance (worn)
 n - a +0 robe of resistance
Jewellery
 b - a ring of protection from cold (right claw)
 f - a ring of resist corrosion (left claw)
 o - a ring of ice
 r - a ring of fire
Scrolls
 i - 13 scrolls of identify
Potions
 c - 2 potions of resistance
 d - 2 potions of might
 g - 3 potions of mutation
 h - 3 potions of curing

Dungeon Overview and Level Annotations

Branches:
Dungeon (8/15)             Temple (1/1) D:7            Lair (4/5) D:8
 Shoals (0/4) Lair:2       Spider (0/4) Lair:2
  Slime: Lair:4-5

Altars:
Ashenzari
Cheibriados
Dithmenos
Elyvilon
Fedhas
Gozag
Hepliaklqana
Kikubaaqudgha
Makhleb
Nemelex Xobeh
Ru
Sif Muna
Trog
Uskayaw
Wu Jian
Xom
Yredelemnul
Zin
The Shining One


Message History

You claw one of the ten-headed hydra's heads off!
The nine-headed hydra grows two more!
You mangle the 11-headed hydra!!
The 11-headed hydra is severely wounded.
The 11-headed hydra bites you.
The 11-headed hydra bites you but does no damage.
The 11-headed hydra bites you. x2
The 11-headed hydra bites you but does no damage.
The 11-headed hydra bites you.
The 11-headed hydra bites you but does no damage.
The 11-headed hydra barely misses you. The 11-headed hydra bites you. x2
The 11-headed hydra completely misses you.
You claw one of the 11-headed hydra's heads off!
The ten-headed hydra grows two more!
You claw the 12-headed hydra!
The 12-headed hydra is severely wounded.
The 12-headed hydra barely misses you. You block the 12-headed hydra's attack.
The 12-headed hydra bites you!
The 12-headed hydra bites you but does no damage.
You block the 12-headed hydra's attack. x2
The 12-headed hydra bites you but does no damage.
The 12-headed hydra bites you. You block the 12-headed hydra's attack.
The 12-headed hydra bites you!
The 12-headed hydra bites you but does no damage. x2
You barely miss the 12-headed hydra.
The 12-headed hydra is severely wounded.
The 12-headed hydra closely misses you. The 12-headed hydra barely misses you.
You block the 12-headed hydra's attack. The 12-headed hydra bites you.
The 12-headed hydra bites you but does no damage. x2
The 12-headed hydra bites you!
You block the 12-headed hydra's attack. x2
The 12-headed hydra bites you. x2
The 12-headed hydra bites you but does no damage.
The blink frog blinks!
You completely miss the 12-headed hydra.
The 12-headed hydra is severely wounded.
You claw one of the 12-headed hydra's heads off!
The 11-headed hydra grows two more!
You mangle the 13-headed hydra!!
You kill the 13-headed hydra!
You hear an angry hiss.
You scratch the blink frog but do no damage.
The blink frog hits you.
You die...

### ## #######
#######.# 7~7
7.~~~~777#.7.7.#..
7~P7~P777~P77..7..#..
7P~7P~777P~..........
7~~~~777~77..7..#..
77@~77 7~7#.7.7.#.#
7F7# ##########..


7F7 #.# S7. #.# .# # #%# .( #.% .. #.# ..F #.. #.. You could see a black mamba,
a blink frog and a bullfrog.

Vanquished Creatures
  4 hydras
  4 death yaks (Lair:4)
  An orb spider (Lair:2)
  2 manticores (Lair:2)
  2 black mambas
  A merfolk siren (Lair:2)
  4 cane toads
  2 rime drakes (Lair:2)
  4 komodo dragons
  A queen bee (Lair:2)
  3 polar bears
  Prince Ribbit (D:5)
  11 blink frogs
  A shadow (D:8)
  17 yaks
  7 wyverns
  3 steam dragons
  2 basilisks (Lair:2)
  6 water moccasins
  An orc warrior (D:8)
  3 ice beasts
  A sky beast (D:7)
  6 black bears
  A centaur (D:7)
  2 ogres
  36 wolves
  2 phantoms
  Blork the orc (D:5)
  11 bullfrogs
  4 necrophages
  A kobold brigand (D:6)
  A gnoll sergeant (D:6)
  2 scorpions (D:5)
  6 wights
  25 killer bees (Lair:2)
  An electric eel (Lair:2)
  8 howler monkeys
  13 jellies
  4 hounds
  3 orc priests
  9 iguanas
  Natasha (thrice) (D:3)
  6 orc wizards
  5 hell rats (Lair:4)
  Robin (D:3)
  7 gnolls
  3 adders
  A river rat (Lair:2)
  3 shadow imps
  5 white imps
  2 ufetubi
  A dart slug (D:4)
  24 orcs
  8 ball pythons
  12 endoplasms
  4 giant cockroaches
  9 goblins
  15 hobgoblins
  4 quokkas
  4 bats
  7 frilled lizards
  21 kobolds
  16 rats
378 creatures vanquished.

Vanquished Creatures (others)
  20 fungi
  42 plants
  9 toadstools (D:2)
71 creatures vanquished.

Grand Total: 449 creatures vanquished

Notes
Turn   | Place    | Note
-------+----------+-------------------------------------------
     0 | D:1      | qw the Troll Cinder Acolyte began the quest for the Orb.
     0 | D:1      | Reached XP level 1. HP: 22/22 MP: 1/1
     0 | D:1      | 0 ||| qw: Version: 0.1-a-97-g2dd2ca4
     0 | D:1      | 0 ||| qw: Game counter: 4912
     0 | D:1      | 0 ||| qw: Always use a shield: true
     0 | D:1      | 0 ||| qw: God list: Okawaru
     0 | D:1      | 0 ||| qw: Allow faded altars: false
     0 | D:1      | 0 ||| qw: Do Orc after D:15 true
     0 | D:1      | 0 ||| qw: Do second Lair branch before Depths: true
     0 | D:1      | 0 ||| qw: Lair rune preference: random
     0 | D:1      | 0 ||| qw: Plans: Normal
     0 | D:1      | 0 ||| PLANNING D:1-11
   220 | D:1      | Reached XP level 2. HP: 29/29 MP: 2/2
   449 | D:1      | Found a faded altar of an unknown god.
   487 | D:1      | Reached skill level 4 in Unarmed Combat
   489 | D:1      | 489 ||| Stepping ~*~*~tactically~*~*~ (stealth).
   673 | D:1      | 673 ||| UPGRADING to ring of resist corrosion.
   674 | D:1      | 674 ||| READING 3 scrolls labelled PEIMOI ET ZURI.
   675 | D:1      | 675 ||| READING scroll labelled FUELOP ETARERUNKO.
   676 | D:1      | 676 ||| READING 2 scrolls labelled ZYGASI KUEHUITZA.
   677 | D:1      | 677 ||| DRINKING 2 golden potions.
   782 | D:1      | 782 ||| DRINKING 2 smoky purple potions.
   782 | D:1      | Gained mutation: You are partially covered in iridescent
                  | scales. (AC +2) [potion of mutation]
   782 | D:1      | Gained mutation: You are robust. (+10% HP) [potion of
                  | mutation]
   782 | D:1      | Gained mutation: You have supernaturally acute eyesight.
                  | (SInv) [potion of mutation]
   785 | D:1      | 785 ||| DROPPING potion of berserk rage.
   786 | D:1      | 786 ||| DROPPING 2 scrolls of fog.
   842 | D:2      | Reached XP level 3. HP: 39/39 MP: 3/3
   863 | D:2      | 863 ||| Stepping ~*~*~tactically~*~*~ (stealth).
   864 | D:2      | 864 ||| Stepping ~*~*~tactically~*~*~ (stealth).
  1147 | D:2      | 1147 ||| Stepping ~*~*~tactically~*~*~ (stealth).
  1388 | D:2      | 1388 ||| INVOKING Fiery Armour.
  1392 | D:2      | 1392 ||| Stepping ~*~*~tactically~*~*~ (outnumbered).
  1393 | D:2      | 1393 ||| Stepping ~*~*~tactically~*~*~ (outnumbered).
  1422 | D:2      | Reached XP level 4. HP: 48/48 MP: 4/4
  1434 | D:2      | 1434 ||| Stepping ~*~*~tactically~*~*~ (outnumbered).
  1440 | D:2      | Reached skill level 5 in Unarmed Combat
  1448 | D:2      | Reached XP level 5. HP: 55/55 MP: 5/5
  1452 | D:2      | Reached skill level 6 in Unarmed Combat
  1716 | D:2      | 1716 ||| UPGRADING to +0 cloak.
  1721 | D:2      | 1721 ||| UPGRADING to ring of protection from cold.
  1722 | D:2      | 1722 ||| DROPPING ring of flight.
  1723 | D:2      | 1723 ||| READING scroll labelled VOISMA ARAIPN.
  1724 | D:2      | 1724 ||| READING 3 scrolls labelled ZUENIKOJOF.
  1727 | D:2      | 1727 ||| READING 2 scrolls of identify.
  1727 | D:2      | 1727 ||| IDENTIFYING murky green potion
  1743 | D:3      | 1743 ||| Stepping ~*~*~tactically~*~*~ (stealth).
  1783 | D:3      | Noticed Robin
  1784 | D:3      | 1784 ||| INVOKING Fiery Armour.
  1786 | D:3      | 1786 ||| Stepping ~*~*~tactically~*~*~ (outnumbered).
  1787 | D:3      | 1787 ||| Stepping ~*~*~tactically~*~*~ (outnumbered).
  1788 | D:3      | 1788 ||| Stepping ~*~*~tactically~*~*~ (outnumbered).
  1792 | D:3      | 1792 ||| Stepping ~*~*~tactically~*~*~ (outnumbered).
  1795 | D:3      | Killed Robin
  1902 | D:3      | Noticed Natasha
  1908 | D:3      | Killed Natasha
  1993 | D:3      | Noticed Natasha
  2001 | D:3      | Killed Natasha
  2122 | D:3      | 2122 ||| Stepping ~*~*~tactically~*~*~ (hiding).
  2128 | D:3      | 2128 ||| INVOKING Fiery Armour.
  2137 | D:3      | Reached XP level 6. HP: 61/61 MP: 6/6
  2140 | D:3      | Reached skill level 7 in Unarmed Combat
  2262 | D:3      | Noticed Natasha
  2275 | D:3      | Killed Natasha
  2590 | D:4      | Found a burning altar of Makhleb.
  2951 | D:4      | Found a shadowy altar of Dithmenos.
  2960 | D:4      | Found a white marble altar of Elyvilon.
  2981 | D:4      | 2981 ||| READING scroll labelled EMAROH DUITADUG.
  3089 | D:4      | 3089 ||| READING 2 scrolls of teleportation.
  3090 | D:4      | 3090 ||| STAIRDANCE
  3130 | D:5      | Entered Level 5 of the Dungeon
  3150 | D:5      | Noticed an ice beast
  3151 | D:5      | 3151 ||| Stepping ~*~*~tactically~*~*~ (stealth).
  3154 | D:5      | 3154 ||| Stepping ~*~*~tactically~*~*~ (stealth).
  3164 | D:5      | 3164 ||| FLEEEEING.
  3165 | D:5      | 3165 ||| FLEEEEING.
  3166 | D:5      | 3166 ||| FLEEEEING.
  3167 | D:5      | 3167 ||| FLEEEEING.
  3168 | D:5      | 3168 ||| FLEEEEING.
  3169 | D:5      | 3169 ||| FLEEEEING.
  3175 | D:5      | Killed an ice beast
  3176 | D:5      | Reached skill level 8 in Unarmed Combat
  3176 | D:5      | Reached XP level 7. HP: 65/72 MP: 7/7
  3181 | D:5      | Reached skill level 3 in Fighting
  3209 | D:5      | 3209 ||| Stepping ~*~*~tactically~*~*~ (outnumbered).
  3210 | D:5      | 3210 ||| Stepping ~*~*~tactically~*~*~ (outnumbered).
  3211 | D:5      | 3211 ||| Stepping ~*~*~tactically~*~*~ (outnumbered).
  3235 | D:5      | Found an ornate altar of the Wu Jian Council.
  3248 | D:5      | Noticed Blork the orc
  3249 | D:5      | 3249 ||| Stepping ~*~*~tactically~*~*~ (stealth).
  3251 | D:5      | 3251 ||| Stepping ~*~*~tactically~*~*~ (hiding).
  3257 | D:5      | 3257 ||| INVOKING Fiery Armour.
  3265 | D:5      | Killed Blork the orc
  3266 | D:5      | Reached skill level 9 in Unarmed Combat
  3301 | D:5      | Reached skill level 1 in Dodging
  3318 | D:5      | 3318 ||| Stepping ~*~*~tactically~*~*~ (hiding).
  3336 | D:5      | Reached XP level 8. HP: 82/82 MP: 8/8
  3391 | D:5      | 3391 ||| Stepping ~*~*~tactically~*~*~ (stealth).
  3498 | D:5      | 3498 ||| Stepping ~*~*~tactically~*~*~ (stealth).
  3500 | D:5      | 3500 ||| Stepping ~*~*~tactically~*~*~ (hiding).
  3503 | D:5      | 3503 ||| Stepping ~*~*~tactically~*~*~ (hiding).
  3632 | D:5      | Reached skill level 10 in Unarmed Combat
  3659 | D:5      | Noticed Prince Ribbit
  3675 | D:5      | 3675 ||| INVOKING Fiery Armour.
  3675 | D:5      | Killed Prince Ribbit
  3762 | D:5      | You fall into a shaft and drop 2 floors!
  3789 | D:7      | 3789 ||| UPGRADING to +0 robe of resistance.
  3799 | D:7      | 3799 ||| DROPPING +0 robe.
  3800 | D:7      | 3800 ||| READING scroll labelled YCRICRUIWU.
  3801 | D:7      | 3801 ||| READING 2 scrolls labelled PAWURU MODWAORR.
  3802 | D:7      | 3802 ||| READING scroll of enchant armour.
  3802 | D:7      | 3802 ||| ENCHANTING +0 cloak.
  3803 | D:7      | 3803 ||| READING scroll labelled OSAEKU KALOS.
  3804 | D:7      | 3804 ||| READING 3 scrolls labelled NYUFRUZERCH.
  3805 | D:7      | 3805 ||| DRINKING 3 cyan potions.
  3806 | D:7      | 3806 ||| DRINKING 2 green potions.
  3807 | D:7      | 3807 ||| READING 4 scrolls of identify.
  3807 | D:7      | 3807 ||| IDENTIFYING yellow potion
  3808 | D:7      | 3808 ||| READING 3 scrolls of identify.
  3808 | D:7      | 3808 ||| IDENTIFYING viscous inky potion
  3809 | D:7      | 3809 ||| DROPPING potion of ambrosia.
  3810 | D:7      | 3810 ||| DROPPING 2 scrolls of poison.
  3811 | D:7      | 3811 ||| READING 2 scrolls of teleportation.
  3829 | D:7      | Reached skill level 1 in Throwing
  3874 | D:7      | 3874 ||| Stepping ~*~*~tactically~*~*~ (outnumbered).
  3875 | D:7      | 3875 ||| INVOKING Fiery Armour.
  3876 | D:7      | 3876 ||| Stepping ~*~*~tactically~*~*~ (outnumbered).
  3879 | D:7      | 3879 ||| Stepping ~*~*~tactically~*~*~ (outnumbered).
  3896 | D:7      | 3896 ||| Stepping ~*~*~tactically~*~*~ (stealth).
  3898 | D:7      | 3898 ||| Stepping ~*~*~tactically~*~*~ (stealth).
  3917 | D:7      | Noticed a komodo dragon
  3918 | D:7      | 3918 ||| Stepping ~*~*~tactically~*~*~ (hiding).
  3920 | D:7      | 3920 ||| Stepping ~*~*~tactically~*~*~ (stealth).
  3925 | D:7      | Killed a komodo dragon
  3926 | D:7      | Reached skill level 11 in Unarmed Combat
  3926 | D:7      | Reached XP level 9. HP: 92/92 MP: 9/9
  4084 | D:6      | 4084 ||| Stepping ~*~*~tactically~*~*~ (stealth).
  4087 | D:6      | 4087 ||| Stepping ~*~*~tactically~*~*~ (hiding).
  4100 | D:6      | 4100 ||| Stepping ~*~*~tactically~*~*~ (stealth).
  4402 | D:4      | 4402 ||| READING 2 scrolls of teleportation.
  4583 | D:4      | 4583 ||| Stepping ~*~*~tactically~*~*~ (stealth).
  4584 | D:4      | 4584 ||| Stepping ~*~*~tactically~*~*~ (stealth).
  4592 | D:4      | Reached skill level 12 in Unarmed Combat
  4706 | D:4      | 4706 ||| DRINKING 2 amethyst potions.
  4707 | D:4      | 4707 ||| DROPPING potion of brilliance.
  4949 | D:6      | 4949 ||| INVOKING Fiery Armour.
  5188 | D:6      | 5188 ||| Stepping ~*~*~tactically~*~*~ (outnumbered).
  5189 | D:6      | 5189 ||| Stepping ~*~*~tactically~*~*~ (outnumbered).
  5190 | D:6      | 5190 ||| Stepping ~*~*~tactically~*~*~ (outnumbered).
  5196 | D:6      | 5196 ||| Stepping ~*~*~tactically~*~*~ (outnumbered).
  5587 | D:6      | 5587 ||| UPGRADING to +0 kite shield.
  5592 | D:6      | 5592 ||| UPGRADING to +0 swamp dragon scales.
  5648 | D:7      | Found a staircase to the Ecumenical Temple.
  5720 | D:7      | 5720 ||| Stepping ~*~*~tactically~*~*~ (stealth).
  5721 | D:7      | 5721 ||| Stepping ~*~*~tactically~*~*~ (stealth).
  5723 | D:7      | 5723 ||| Stepping ~*~*~tactically~*~*~ (stealth).
  5730 | D:7      | Reached skill level 1 in Shields
  5808 | D:7      | 5808 ||| Stepping ~*~*~tactically~*~*~ (stealth).
  5813 | D:7      | 5813 ||| Stepping ~*~*~tactically~*~*~ (stealth).
  5814 | D:7      | 5814 ||| Stepping ~*~*~tactically~*~*~ (stealth).
  5820 | D:7      | 5820 ||| Stepping ~*~*~tactically~*~*~ (stealth).
  5952 | D:7      | Found a hazy altar of Hepliaklqana.
  6124 | D:7      | Found a blossoming altar of Fedhas.
  6154 | D:7      | 6154 ||| READING scroll labelled IMEUTAOLOR.
  6166 | D:8      | 6166 ||| STAIRDANCE
  6183 | D:8      | 6183 ||| STAIRDANCE
  6194 | D:7      | Reached skill level 3 in Shields
  6197 | D:8      | 6197 ||| STAIRDANCE
  6201 | D:7      | Reached XP level 10. HP: 90/105 MP: 10/10
  6217 | D:8      | 6217 ||| STAIRDANCE
  6288 | D:8      | Reached skill level 1 in Armour
  6371 | D:8      | Found a flagged portal.
  6481 | D:8      | Found a sparkling altar of Nemelex Xobeh.
  6495 | D:8      | 6495 ||| Stepping ~*~*~tactically~*~*~ (hiding).
  6496 | D:8      | 6496 ||| Stepping ~*~*~tactically~*~*~ (hiding).
  6497 | D:8      | 6497 ||| Stepping ~*~*~tactically~*~*~ (hiding).
  6617 | D:8      | 6617 ||| Stepping ~*~*~tactically~*~*~ (outnumbered).
  6618 | D:8      | 6618 ||| Stepping ~*~*~tactically~*~*~ (outnumbered).
  6623 | D:8      | 6623 ||| INVOKING Fiery Armour.
  6627 | D:8      | 6627 ||| Stepping ~*~*~tactically~*~*~ (stealth).
  6651 | D:8      | 6651 ||| Stepping ~*~*~tactically~*~*~ (hiding).
  6662 | D:8      | Reached skill level 6 in Shields
  6692 | D:8      | Found a staircase to the Lair.
  6697 | D:8      | 6697 ||| FLEEEEING.
  6698 | D:8      | 6698 ||| FLEEEEING.
  6699 | D:8      | 6699 ||| FLEEEEING.
  6727 | D:8      | Found a bloodstained altar of Trog.
  6857 | D:8      | 6857 ||| PLANNING LAIR
  6857 | D:8      | 6857 ||| READING scroll labelled WORUUCV TAGH.
  6958 | D:8      | 6958 ||| READING scroll labelled TEYVOSTEAT.
  6999 | Lair:1   | Entered Level 1 of the Lair of Beasts
  7057 | Lair:1   | 7057 ||| Stepping ~*~*~tactically~*~*~ (stealth).
  7195 | Lair:1   | Noticed a cane toad
  7203 | Lair:1   | Killed a cane toad
  7337 | Lair:1   | 7337 ||| INVOKING Fiery Armour.
  7338 | Lair:1   | 7338 ||| Stepping ~*~*~tactically~*~*~ (outnumbered).
  7339 | Lair:1   | 7339 ||| Stepping ~*~*~tactically~*~*~ (outnumbered).
  7340 | Lair:1   | 7340 ||| Stepping ~*~*~tactically~*~*~ (outnumbered).
  7341 | Lair:1   | 7341 ||| Stepping ~*~*~tactically~*~*~ (outnumbered).
  7342 | Lair:1   | 7342 ||| Stepping ~*~*~tactically~*~*~ (outnumbered).
  7343 | Lair:1   | 7343 ||| Stepping ~*~*~tactically~*~*~ (outnumbered).
  7344 | Lair:1   | 7344 ||| Stepping ~*~*~tactically~*~*~ (outnumbered).
  7345 | Lair:1   | 7345 ||| Stepping ~*~*~tactically~*~*~ (outnumbered).
  7346 | Lair:1   | 7346 ||| Stepping ~*~*~tactically~*~*~ (outnumbered).
  7367 | Lair:1   | HP: 17/105 [yak (13)]
  7368 | Lair:1   | 7368 ||| READING 3 scrolls of teleportation.
  7369 | Lair:1   | 7369 ||| DRINKING potion of heal wounds.
  7739 | Lair:1   | 7739 ||| Stepping ~*~*~tactically~*~*~ (stealth).
  7754 | Lair:1   | Reached XP level 11. HP: 111/112 MP: 11/11
  7868 | Lair:1   | 7868 ||| READING scroll labelled FERAMAFY YNEDY.
  7893 | Lair:2   | 7893 ||| STAIRDANCE
  7953 | Lair:2   | Reached skill level 9 in Shields
  7962 | Lair:2   | Reached skill level 13 in Unarmed Combat
  8027 | Lair:2   | 8027 ||| Stepping ~*~*~tactically~*~*~ (stealth).
  8060 | Lair:2   | 8060 ||| Stepping ~*~*~tactically~*~*~ (stealth).
  8073 | Lair:2   | 8073 ||| Stepping ~*~*~tactically~*~*~ (stealth).
  8120 | Lair:2   | 8120 ||| Stepping ~*~*~tactically~*~*~ (stealth).
  8140 | Lair:2   | 8140 ||| Stepping ~*~*~tactically~*~*~ (stealth).
  8154 | Lair:2   | 8154 ||| Stepping ~*~*~tactically~*~*~ (hiding).
  8161 | Lair:2   | 8161 ||| INVOKING Fiery Armour.
  8183 | Lair:2   | 8183 ||| Stepping ~*~*~tactically~*~*~ (stealth).
  8184 | Lair:2   | 8184 ||| Stepping ~*~*~tactically~*~*~ (stealth).
  8349 | Lair:2   | 8349 ||| Stepping ~*~*~tactically~*~*~ (stealth).
  8369 | Lair:2   | You fall into a shaft and drop 1 floor!
  8371 | Lair:3   | 8371 ||| Stepping ~*~*~tactically~*~*~ (stealth).
  8376 | Lair:3   | 8376 ||| Stepping ~*~*~tactically~*~*~ (outnumbered).
  8378 | Lair:3   | 8378 ||| INVOKING Fiery Armour.
  8379 | Lair:3   | 8379 ||| Stepping ~*~*~tactically~*~*~ (outnumbered).
  8401 | Lair:3   | Reached skill level 14 in Unarmed Combat
  8417 | Lair:3   | Reached skill level 3 in Armour
  8445 | Lair:3   | HP: 27/115 [komodo dragon (14)]
  8446 | Lair:3   | 8446 ||| READING 3 scrolls of teleportation.
  8447 | Lair:3   | 8447 ||| DRINKING potion of heal wounds.
  8560 | Lair:3   | 8560 ||| DROPPING +6 ring of intelligence.
  8656 | Lair:2   | Found a hole to the Spider Nest.
  8656 | Lair:2   | Noticed an orb spider
  8657 | Lair:2   | 8657 ||| INVOKING Fiery Armour.
  8665 | Lair:2   | 8665 ||| UPGRADING to scarf of resistance.
  8717 | Lair:2   | 8717 ||| READING 2 scrolls of teleportation.
  8718 | Lair:2   | 8718 ||| FLEEEEING.
  8719 | Lair:2   | 8719 ||| FLEEEEING.
  8744 | Lair:2   | Reached skill level 6 in Fighting
  8809 | Lair:2   | 8809 ||| Stepping ~*~*~tactically~*~*~ (stealth).
  8814 | Lair:2   | 8814 ||| Stepping ~*~*~tactically~*~*~ (stealth).
  8815 | Lair:2   | 8815 ||| Stepping ~*~*~tactically~*~*~ (stealth).
  8881 | Lair:2   | 8881 ||| Stepping ~*~*~tactically~*~*~ (stealth).
  8891 | Lair:2   | Reached skill level 3 in Throwing
  8918 | Lair:2   | Reached XP level 12. HP: 125/125 MP: 12/12
  8978 | Lair:2   | 8978 ||| Stepping ~*~*~tactically~*~*~ (outnumbered).
  8979 | Lair:2   | 8979 ||| Stepping ~*~*~tactically~*~*~ (outnumbered).
  8980 | Lair:2   | 8980 ||| Stepping ~*~*~tactically~*~*~ (outnumbered).
  8981 | Lair:2   | 8981 ||| Stepping ~*~*~tactically~*~*~ (outnumbered).
  8982 | Lair:2   | 8982 ||| Stepping ~*~*~tactically~*~*~ (outnumbered).
  8983 | Lair:2   | 8983 ||| Stepping ~*~*~tactically~*~*~ (outnumbered).
  8984 | Lair:2   | 8984 ||| Stepping ~*~*~tactically~*~*~ (outnumbered).
  8985 | Lair:2   | 8985 ||| Stepping ~*~*~tactically~*~*~ (outnumbered).
  8986 | Lair:2   | 8986 ||| Stepping ~*~*~tactically~*~*~ (outnumbered).
  8987 | Lair:2   | 8987 ||| Stepping ~*~*~tactically~*~*~ (outnumbered).
  8988 | Lair:2   | 8988 ||| Stepping ~*~*~tactically~*~*~ (outnumbered).
  8989 | Lair:2   | 8989 ||| Stepping ~*~*~tactically~*~*~ (outnumbered).
  8990 | Lair:2   | 8990 ||| Stepping ~*~*~tactically~*~*~ (outnumbered).
  8991 | Lair:2   | 8991 ||| INVOKING Fiery Armour.
  9007 | Lair:2   | 9007 ||| FLEEEEING.
  9010 | Lair:2   | 9010 ||| FLEEEEING.
  9018 | Lair:2   | 9018 ||| STAIRDANCE
  9020 | Lair:1   | 9020 ||| PLANNING TEMPLE
  9109 | Temple   | Entered the Ecumenical Temple
  9283 | Temple   | 9283 ||| PLANNING LAIR
  9551 | Lair:2   | 9551 ||| Stepping ~*~*~tactically~*~*~ (stealth).
  9677 | Lair:2   | Found a staircase to the Shoals.
  9712 | Lair:2   | 9712 ||| FLEEEEING.
  9713 | Lair:2   | 9713 ||| FLEEEEING.
  9714 | Lair:2   | 9714 ||| FLEEEEING.
  9715 | Lair:2   | 9715 ||| FLEEEEING.
  9716 | Lair:2   | 9716 ||| FLEEEEING.
  9717 | Lair:2   | 9717 ||| FLEEEEING.
  9726 | Lair:2   | 9726 ||| STAIRDANCE
  9768 | Lair:1   | 9768 ||| READING 15 scrolls of identify.
  9768 | Lair:1   | 9768 ||| IDENTIFYING fizzy red potion
  9769 | Lair:1   | 9769 ||| DROPPING potion of attraction.
  9780 | Lair:2   | 9780 ||| READING scroll of teleportation.
  9781 | Lair:2   | 9781 ||| FLEEEEING.
  9807 | Lair:2   | 9807 ||| Stepping randomly (stuck).
  9808 | Lair:2   | 9808 ||| Stepping randomly (stuck).
  9809 | Lair:2   | 9809 ||| FLEEEEING.
  9810 | Lair:2   | 9810 ||| FLEEEEING.
  9811 | Lair:2   | 9811 ||| FLEEEEING.
  9813 | Lair:2   | 9813 ||| FLEEEEING.
  9816 | Lair:2   | 9816 ||| FLEEEEING.
  9868 | Lair:2   | 9868 ||| Stepping randomly (stuck).
  9869 | Lair:2   | 9869 ||| Stepping randomly (stuck).
 10026 | Lair:3   | 10026 ||| Stepping ~*~*~tactically~*~*~ (stealth).
 10027 | Lair:3   | 10027 ||| Stepping ~*~*~tactically~*~*~ (stealth).
 10028 | Lair:3   | 10028 ||| Stepping ~*~*~tactically~*~*~ (stealth).
 10046 | Lair:3   | 10046 ||| Stepping ~*~*~tactically~*~*~ (outnumbered).
 10057 | Lair:3   | 10057 ||| Stepping ~*~*~tactically~*~*~ (outnumbered).
 10197 | Lair:3   | Reached skill level 6 in Throwing
 10649 | Lair:3   | 10649 ||| Stepping ~*~*~tactically~*~*~ (outnumbered).
 10654 | Lair:3   | 10654 ||| Stepping ~*~*~tactically~*~*~ (outnumbered).
 10667 | Lair:3   | HP: 28/125 [blink frog (13)]
 10668 | Lair:3   | 10668 ||| READING scroll of teleportation.
 10668 | Lair:3   | HP: 12/125 [blink frog (6)]
 10669 | Lair:3   | 10669 ||| DRINKING 2 potions of heal wounds.
 10670 | Lair:3   | 10670 ||| DRINKING potion of heal wounds.
 10671 | Lair:3   | 10671 ||| Stepping ~*~*~tactically~*~*~ (outnumbered).
 10740 | Lair:3   | Noticed a four-headed hydra
 10752 | Lair:3   | Killed a ten-headed hydra
 10755 | Lair:3   | 10755 ||| FLEEEEING.
 10756 | Lair:3   | 10756 ||| FLEEEEING.
 10757 | Lair:3   | 10757 ||| FLEEEEING.
 10758 | Lair:3   | 10758 ||| FLEEEEING.
 10759 | Lair:3   | 10759 ||| FLEEEEING.
 11010 | Lair:3   | 11010 ||| DROPPING +1 cloak.
 11011 | Lair:3   | 11011 ||| DRINKING 2 pink potions.
 11012 | Lair:3   | 11012 ||| READING 14 scrolls of identify.
 11012 | Lair:3   | 11012 ||| IDENTIFYING metallic brown potion
 11013 | Lair:3   | 11013 ||| DROPPING potion of flight.
 11014 | Lair:3   | 11014 ||| DROPPING potion of lignification.
 11067 | Lair:4   | Noticed an eight-headed hydra
 11073 | Lair:4   | Killed a ten-headed hydra
 11074 | Lair:4   | Reached skill level 15 in Unarmed Combat
 11155 | Lair:4   | 11155 ||| Stepping ~*~*~tactically~*~*~ (stealth).
 11157 | Lair:4   | 11157 ||| Stepping ~*~*~tactically~*~*~ (stealth).
 11169 | Lair:4   | Noticed an eight-headed hydra
 11170 | Lair:4   | 11170 ||| Stepping ~*~*~tactically~*~*~ (stealth).
 11198 | Lair:4   | 11198 ||| Stepping ~*~*~tactically~*~*~ (stealth).
 11203 | Lair:4   | Killed a 12-headed hydra
 11205 | Lair:4   | 11205 ||| FLEEEEING.
 11206 | Lair:4   | 11206 ||| FLEEEEING.
 11208 | Lair:4   | 11208 ||| FLEEEEING.
 11209 | Lair:4   | 11209 ||| FLEEEEING.
 11210 | Lair:4   | 11210 ||| FLEEEEING.
 11211 | Lair:4   | 11211 ||| FLEEEEING.
 11212 | Lair:4   | 11212 ||| FLEEEEING.
 11213 | Lair:4   | 11213 ||| FLEEEEING.
 11214 | Lair:4   | 11214 ||| FLEEEEING.
 11215 | Lair:4   | 11215 ||| FLEEEEING.
 11216 | Lair:4   | 11216 ||| FLEEEEING.
 11217 | Lair:4   | 11217 ||| FLEEEEING.
 11218 | Lair:4   | 11218 ||| FLEEEEING.
 11219 | Lair:4   | 11219 ||| FLEEEEING.
 11220 | Lair:4   | 11220 ||| FLEEEEING.
 11221 | Lair:4   | 11221 ||| FLEEEEING.
 11222 | Lair:4   | 11222 ||| FLEEEEING.
 11223 | Lair:4   | 11223 ||| FLEEEEING.
 11224 | Lair:4   | 11224 ||| FLEEEEING.
 11225 | Lair:4   | 11225 ||| FLEEEEING.
 11226 | Lair:4   | 11226 ||| FLEEEEING.
 11227 | Lair:4   | 11227 ||| FLEEEEING.
 11228 | Lair:4   | 11228 ||| FLEEEEING.
 11229 | Lair:4   | 11229 ||| FLEEEEING.
 11230 | Lair:4   | 11230 ||| FLEEEEING.
 11231 | Lair:4   | 11231 ||| FLEEEEING.
 11232 | Lair:4   | 11232 ||| FLEEEEING.
 11233 | Lair:4   | 11233 ||| FLEEEEING.
 11234 | Lair:4   | 11234 ||| FLEEEEING.
 11235 | Lair:4   | 11235 ||| FLEEEEING.
 11236 | Lair:4   | 11236 ||| FLEEEEING.
 11237 | Lair:4   | 11237 ||| FLEEEEING.
 11238 | Lair:4   | 11238 ||| FLEEEEING.
 11239 | Lair:4   | 11239 ||| FLEEEEING.
 11240 | Lair:4   | 11240 ||| FLEEEEING.
 11241 | Lair:4   | 11241 ||| STAIRDANCE
 11261 | Lair:3   | 11261 ||| READING scroll labelled XOPEUMOAMM.
 11288 | Lair:4   | Noticed a death yak
 11289 | Lair:4   | Noticed a death yak
 11289 | Lair:4   | Noticed a death yak
 11290 | Lair:4   | 11290 ||| Stepping ~*~*~tactically~*~*~ (stealth).
 11291 | Lair:4   | Noticed a death yak
 11292 | Lair:4   | 11292 ||| Stepping ~*~*~tactically~*~*~ (stealth).
 11298 | Lair:4   | Killed a death yak
 11300 | Lair:4   | 11300 ||| Stepping ~*~*~tactically~*~*~ (outnumbered).
 11307 | Lair:4   | Killed a death yak
 11313 | Lair:4   | Killed a death yak
 11316 | Lair:4   | Killed a death yak
 11433 | Lair:4   | 11433 ||| Stepping ~*~*~tactically~*~*~ (stealth).
 11434 | Lair:4   | 11434 ||| Stepping ~*~*~tactically~*~*~ (stealth).
 11435 | Lair:4   | 11435 ||| Stepping ~*~*~tactically~*~*~ (stealth).
 11475 | Lair:4   | 11475 ||| Stepping ~*~*~tactically~*~*~ (stealth).
 11481 | Lair:4   | Noticed a seven-headed hydra
 11489 | Lair:4   | HP: 25/125 [12-headed hydra (12)]
 11490 | Lair:4   | HP: 7/125 [12-headed hydra (7)]
 11490 | Lair:4   | HP: 1/125 [12-headed hydra (5)]
 11492 | Lair:4   | Killed a 13-headed hydra
 11493 | Lair:4   | Slain by a blink frog

Levels and vault maps discovered:
D:1:      ncdulo_wetmaze, layout_basic, hellmonk_ecumenical_altar_run_dry
D:2:      cheibrodos_fertilizer, layout_basic, minmay_rat_gold_closets
D:3:      layout_basic, uniq_robin, uniq_natasha
D:4:      layout_basic, bloody_makhleb, mainiacjoe_overflow_swirl
D:5:      layout_loops_ring, mainiacjoe_overflow_concentric_impassable,
          minmay_fractal_squares_diagonal_5, uniq_blork_the_orc,
          uniq_prince_ribbit1
D:6:      layout_loops_corners, minmay_misc_feat_doors,
          kennysheep_generic_room_14
D:7:      layout_loops_cross, lemuel_doored_altar, marbit_many_paths,
          minmay_temple_entry_gardened_gates, minmay_lizard_king
D:8:      layout_basic, lemuel_crystal_altar, lemuel_round_altar,
          grunt_lair_entry_orc_guard_hut, serial_ice, serial_ice_l,
          serial_ice_d, serial_ice_m, serial_ice_e, serial_ice_f,
          enter_bailey_7, st_stairs_12, kennysheep_small_square
Temple:   grunt_temple_mini_profane
Lair:1:   layout_regular_city, grunt_forest_small_clearing_treed
Lair:2:   regret_index_tunnel_blossom, layout_regular_city,
          elwin_shoals_entry_rooms, nicolae_spider_entry_orb_guardian
Lair:3:   layout_cave_pods, grunt_forest_large_clearings
Lair:4:   nzn_winding_woodlands_large [nzn_winding_woodlands_5x5_perimeter,
          nzn_winding_woodlands_5x15_lazy_stream,
          nzn_winding_woodlands_hourglass, nzn_winding_woodlands_center_garden,
          nzn_winding_woodlands_15x15_five_gardens,
          nzn_winding_woodlands_center_lodge,
          nzn_winding_woodlands_5x5_open_star,
          nzn_winding_woodlands_5x15_jagged, nzn_winding_woodlands_5x5_cross],
          layout_loops_ring, minmay_slime_entry_jelly_boxes,
          serial_bayou_shore_b

Skill      XL: |  1  2  3  4  5  6  7  8  9 10 11 12 |
---------------+-------------------------------------+-----
Unarmed Combat | 4 5 6 8 9 11 12 14 15 | 15.6
Fighting       | 3 4 5 6 |  6.0
Dodging        | 1 |  1.1
Throwing       | 1 3 6 |  6.0
Shields        | 3 8 10 11 | 11.0
Armour         | 2 3 |  3.2
Spellcasting   | |  1.0
Fire Magic     | |  2.1

Action                   |  1- 3 |  4- 6 |  7- 9 | 10-12 || total
-------------------------+-------+-------+-------+-------++-------
Melee: Unarmed           |   124 |    98 |   237 |   657 ||  1116
       Punch             |     2 |     4 |     9 |       ||    15
Throw: Boomerang         |       |       |    33 |    57 ||    90
       Large rock        |       |       |       |    40 ||    40
Invok: Fiery Armour      |     1 |     2 |     4 |     6 ||    13
  Use: Scroll            |     3 |     5 |    10 |    11 ||    29
       Potion            |     2 |       |     3 |     5 ||    10
Armor: Robe              |    25 |    30 |    67 |       ||   122
       Swamp dragon scal |       |       |    24 |   369 ||   393
Dodge: Dodged            |    43 |    43 |    79 |   202 ||   367
Block: Kite shield       |       |       |    17 |   313 ||   330

Table legend:
 A = Non-vault XP
 B = Vault XP
 C = Vault XP percentage of total XP
 D = Non-vault monster count
 E = Vault monster count
 F = Vault count percentage of total count
                 A         B        C        D         E       F
            +---------+---------+-------+---------+---------+-------
      Total |   19486 |   18068 |  48.1 |     208 |     170 |  45.0
            +---------+---------+-------+---------+---------+-------
        D:1 |      39 |       0 |   0.0 |      25 |       0 |   0.0
        D:2 |      41 |     164 |  80.0 |      20 |      26 |  56.5
        D:3 |     177 |      71 |  28.6 |      16 |      12 |  42.9
        D:4 |     179 |       0 |   0.0 |      12 |       0 |   0.0
        D:5 |     898 |     842 |  48.4 |      18 |       9 |  33.3
        D:6 |    1304 |      23 |   1.7 |      26 |       2 |   7.1
        D:7 |    1053 |     904 |  46.2 |      20 |      13 |  39.4
        D:8 |     819 |    1703 |  67.5 |      13 |      19 |  59.4
     Lair:1 |    2802 |       0 |   0.0 |      14 |       0 |   0.0
     Lair:2 |    3187 |    6898 |  68.4 |      16 |      46 |  74.2
     Lair:3 |    5491 |    3263 |  37.3 |      18 |      28 |  60.9
     Lair:4 |    3496 |    4200 |  54.6 |      10 |      15 |  60.0
            +---------+---------+-------+---------+---------+-------
